 Dungeon Sprint DCSS version 0.20-b1 (webtiles) character file.

351 potatolord6000 the Covert (level 6, -4/63 HPs)
             Began as a Naga Fighter on May 18, 2017.
             Was an Initiate of Gozag.
             Slain by a manticore (14 damage)
             ... in the Dungeon (Sprint IX: "|||||||||||||||||||||||||||||") on May 19, 2017.
             The game lasted 00:03:13 (330 turns).

potatolord6000 the Covert (Naga Fighter)             Turns: 330, Time: 00:03:13

Health: -4/63      AC: 13    Str: 20    XL:     6   Next: 61%
Magic:  6/6        EV: 10    Int:  9    God:    Gozag
Gold:   450        SH:  0    Dex: 10    Spells: 5/5 levels left

rFire    . . .     SeeInvis +   o - +2 halberd (venom)
rCold    . . .     Gourm    .   (shield currently unavailable)
rNeg     . . .     Faith    .   c - +2 ring mail
rPois    +         Spirit   .   (no helmet)
rElec    .         Reflect  .   (no cloak)
rCorr    .         Harm     .   a - +0 pair of gloves
MR       .....     NoTele   +   (no barding)
Stlth    +++.......             (no amulet)
Regen    0.2/turn               b - +2 ring of protection
MPRegen  0.1/turn               n - +2 ring of protection

@: gold aura, very slow
A: see invisible, deformed body, poison resistance, slowness 2, slow metabolism
1, spit poison 1, AC +2
a: Spit Poison, Potion Petition, Call Merchant, Bribe Branch, Renounce Religion


You were in the Dungeon.
You worshipped Gozag.
Gozag was aware of your devotion.
You were not hungry.

You visited 1 branch You collected 450 gold pieces.

Inventory:

Hand Weapons
 o - a +2 halberd of venom (weapon)
Armour
 a - a +0 pair of gloves (worn)
 c - a +2 ring mail (worn)
Jewellery
 b - a +2 ring of protection (left hand)
 n - a +2 ring of protection (right hand)
Scrolls
 k - 2 scrolls of blinking
 l - 3 scrolls of remove curse
 m - 2 scrolls of amnesia
Potions
 d - a potion of invisibility
 e - 4 potions of curing
 g - 3 potions of heal wounds
 h - a potion of haste
 i - 4 potions of magic
 j - a potion of berserk rage
Comestibles
 f - a bread ration


   Skills:
 + Level 6.8 Fighting
 + Level 6.3 Polearms
 + Level 5.6 Armour
 + Level 3.8 Dodging
 + Level 9.3 Stealth
   Level 3.8 Shields


You had 5 spell levels left.
You didn't know any spells.

Dungeon Overview and Level Annotations

Branches:
Dungeon (1/1)

Altars:
Cheibriados
Dithmenos
Elyvilon
Fedhas
Gozag
Hepliaklqana
Kikubaaqudgha
Makhleb
Nemelex Xobeh
Okawaru
Qazlal
Ru
Sif Muna
Trog
Uskayaw
Vehumet
Xom
Yredelemnul
Zin
The Shining One
Beogh
Jiyva
Lugonu


Innate Abilities, Weirdness & Mutations

You cannot wear boots.
Your serpentine skin is tough. (AC +2)
You have supernaturally acute eyesight. (SInv)
Armour fits poorly on your strangely shaped body.
Your system is resistant to poisons. (rPois)
You cover ground very slowly.
You have a slow metabolism.
You can spit poison.


Message History

The manticore claws you but does no damage.
The manticore barely misses you.
You see here 144 gold pieces.
Unknown command.
Unknown command.
You barely miss the manticore. The manticore bites you!
The manticore claws you but does no damage.
The manticore claws you.
Unknown command.
You barely miss the manticore. The manticore bites you!
* * * LOW HITPOINT WARNING * * *
The manticore claws you.
* * * LOW HITPOINT WARNING * * *
The manticore claws you!
* * * LOW HITPOINT WARNING * * *
You slash the manticore!
The manticore is poisoned.
The manticore is moderately wounded.
The manticore bites you!
You die...
Your body crumbles into a pile of gold. $$$$$

$ $ $ $$$
▓▓▓▓▓▓▓▓▓▓▓▓▓▓▓▓▓▓▓▓▓▓▓
+.TJ5H@'.....)'(.[.[/|.
▓▓▓▓▓▓▓▓▓▓▓▓▓▓▓▓▓▓▓▓▓▓▓


You could see a manticore, a troll, a jelly and a shadow imp.

Vanquished Creatures
  A yak (D)
  A centaur (D)
  A crimson imp (D)
  A hound (D)
  A jelly (D)
  A worker ant (D)
  2 leopard geckos (D)
  2 orcs (D)
  2 hobgoblins (D)
  A goblin (D)
  A jackal zombie (D)
  2 leopard gecko skeletons (D)
  A leopard gecko zombie (D)
  A rat (D)
18 creatures vanquished.

Notes
Turn   | Place    | Note
-------+----------+-------------------------------------------
     0 | D        | potatolord6000 the Naga Fighter began the quest for the Orb.
     0 | D        | Reached XP level 1. HP: 21/21 MP: 1/1
    11 | D        | Reached skill level 1 in Stealth
    16 | D        | Reached skill level 2 in Stealth
    94 | D        | Noticed a hound
    94 | D        | Noticed a worker ant
   102 | D        | Killed a worker ant
   102 | D        | Reached skill level 3 in Stealth
   102 | D        | Reached XP level 2. HP: 21/30 MP: 2/2
   102 | D        | Reached XP level 3. HP: 25/36 MP: 3/3
   105 | D        | Reached skill level 4 in Stealth
   105 | D        | Reached XP level 4. HP: 32/45 MP: 4/4
   108 | D        | Reached skill level 5 in Stealth
   117 | D        | Found a roughly hewn altar of Beogh.
   117 | D        | Found a snail-covered altar of Cheibriados.
   117 | D        | Found a shadowy altar of Dithmenos.
   117 | D        | Found a white marble altar of Elyvilon.
   117 | D        | Found a blossoming altar of Fedhas.
   117 | D        | Found an opulent altar of Gozag.
   118 | D        | Found a hazy altar of Hepliaklqana.
   119 | D        | Found a viscous altar of Jiyva.
   120 | D        | Found an ancient bone altar of Kikubaaqudgha.
   121 | D        | Found a corrupted altar of Lugonu.
   122 | D        | Found a burning altar of Makhleb.
   123 | D        | Found a sparkling altar of Nemelex Xobeh.
   124 | D        | Found an iron altar of Okawaru.
   125 | D        | Became a worshipper of Gozag Ym Sagoz the Greedy
   126 | D        | Found a stormy altar of Qazlal.
   127 | D        | Found a sacrificial altar of Ru.
   128 | D        | Found a deep blue altar of Sif Muna.
   129 | D        | Found a bloodstained altar of Trog.
   130 | D        | Found a hide-covered altar of Uskayaw.
   131 | D        | Found a radiant altar of Vehumet.
   132 | D        | Found an ornate altar of the Wu Jian Council.
   133 | D        | Found a shimmering altar of Xom.
   134 | D        | Found a basalt altar of Yredelemnul.
   135 | D        | Found a glowing silver altar of Zin.
   136 | D        | Found a glowing golden altar of the Shining One.
   140 | D        | Upgraded the game from 0.20-a0-1127-g1289703 to 0.20-b1
   246 | D        | Noticed a centaur
   249 | D        | Reached skill level 5 in Fighting
   249 | D        | Reached skill level 1 in Dodging
   254 | D        | Killed a centaur
   254 | D        | Reached skill level 5 in Polearms
   254 | D        | Reached skill level 7 in Stealth
   254 | D        | Reached XP level 5. HP: 47/55 MP: 5/5
   320 | D        | Noticed a troll
   320 | D        | Noticed a manticore
   320 | D        | Noticed a yak
   325 | D        | Killed a yak
   325 | D        | Reached skill level 5 in Armour
   325 | D        | Reached skill level 9 in Stealth
   325 | D        | Reached XP level 6. HP: 56/63 MP: 6/6
   330 | D        | Slain by a manticore

Skill      XL: |  1  2  3  4  5 |
---------------+----------------+-----
Stealth        | 3 4 7 9 |  9.3
Fighting       | 4 5 6 |  6.8
Polearms       | 3 5 6 |  6.3
Armour         | 3 4 5 |  5.6
Shields        | 3 |  3.8
Dodging        | 2 3 |  3.8

Action                   |  1- 3 |  4- 6 || total
-------------------------+-------+-------++-------
Melee: Trident           |    22 |     5 ||    27
       Halberd           |       |    23 ||    23
  Use: Potion            |     2 |       ||     2
Armor: Scale mail        |     7 |       ||     7
       Ring mail         |       |    12 ||    12
Dodge: Dodged            |     2 |     8 ||    10
Block: Shield            |     7 |     1 ||     8
